 Dungeon Crawl Stone Soup version 0.27.0-1-g7a089689b8 (webtiles) character file.

Game seed: 17233030285173042541

42 SnakkuSnakku7 the Sneak (level 3, 0/28 HPs)
             Began as a Vampire Hedge Wizard on Aug 13, 2021.
             Succumbed to an adder's poison
             ... on level 2 of the Dungeon.
             The game lasted 00:01:42 (1123 turns).

SnakkuSnakku7 the Sneak (Vampire Hedge Wizard)      Turns: 1123, Time: 00:01:42

Health: 0/28       AC:  5    Str: 10    XL:     3   Next: 33%
Magic:  7/7        EV: 10    Int: 16    God:
Gold:   39         SH:  0    Dex: 13    Spells: 7/8 levels left

rFire    . . .     SeeInvis +   e - +0 short sword
rCold    + . .     Faith    .   (no shield)
rNeg     . . .     Spirit   .   d - +0 ring mail
rPois    .         Reflect  .   c - +0 hat
rElec    .         Harm     .   (no cloak)
rCorr    .         Rampage  .   (no gloves)
Will     .....                  (no boots)
Stlth    ++........             (no amulet)
HPRegen  0.29/turn              k - ring of protection from cold
MPRegen  0.10/turn              (no ring)

@: mighty, lethally poisoned (0 -> -3), attractive, healing quickly
A: alive, fangs 3, see invisible, vampiric 2
a: Exsanguinate


You were on level 2 of the Dungeon.
You visited 1 branch of the dungeon, and saw 2 of its levels.

You collected 39 gold pieces.

Inventory:

Hand Weapons
 a - a +0 dagger
 e - a +0 short sword (weapon)
Missiles
 n - 5 boomerangs
Armour
 b - a +0 robe
 c - a +0 hat (worn)
 d - a +0 ring mail (worn)
Jewellery
 k - a ring of protection from cold (left hand)
Scrolls
 f - a scroll of teleportation {unknown}
 h - a scroll of fear {unknown}
 i - a scroll of magic mapping {unknown}
 l - a scroll of summoning {unknown}
Potions
 g - a potion of haste {unknown}
 j - a potion of brilliance {unknown}
 m - a potion of attraction


   Skills:
 + Level 2.8 Fighting
 - Level 2.1 Dodging
 - Level 3.0 Stealth
 - Level 3.0 Spellcasting
 - Level 0.6 Conjurations
 - Level 1.0 Summonings
 - Level 0.7 Translocations


You had 7 spell levels left.
You knew the following spells:

 Your Spells              Type           Power      Damage    Failure   Level
a - Magic Dart            Conj           16%        1d3       36%         1

Your spell library contained the following spells:

 Spells                   Type           Power      Damage    Failure   Level
 Foxfire                  Conj/Fire      12%        2x1d4     41%         1
 Beastly Appendage        Tmut           4%         N/A       43%         1
 Call Imp                 Summ           5%         N/A       43%         2
 Blink                    Tloc           N/A        N/A       50%         2
 Slow                     Hex            2%         N/A       58%         2
 Wereblood                Tmut           2%         N/A       58%         2
 Conjure Flame            Conj/Fire      3%         6-21      78%         3
 Mephitic Cloud           Conj/Pois/Air  3%         N/A       80%         3
 Inner Flame              Hex/Fire       2%         N/A       82%         3
 Spider Form              Tmut/Pois      1%         N/A       82%         3


Dungeon Overview and Level Annotations

Branches:
Dungeon (2/15)

Altars:


Innate Abilities, Weirdness & Mutations

Your natural rate of healing is accelerated.
You have razor-sharp teeth.
You have supernaturally acute eyesight. (SInv)
You are afflicted with vampirism and can become a bat while bloodless.


Message History

The hobgoblin is heavily wounded.
The hobgoblin hits you but does no damage.
The hobgoblin blocks your attack.
You bite the hobgoblin.
You kill the hobgoblin!
The adder bites you but does no damage.
You barely miss the adder. The adder bites you but does no damage.
Your ring mail prevents you from hitting the adder.
You bite the adder.
The adder is moderately wounded.
The adder closely misses you. The adder completely misses you.
You hit the adder but do no damage.
The adder is moderately wounded.
The adder bites you.
You are poisoned.
The adder poisons you!
You hit the adder.
The adder is severely wounded.
You feel sick. The adder bites you but does no damage.
The adder closely misses you.
You barely miss the adder.
The adder is severely wounded.
You feel sick. The adder closely misses you.
You hit the adder.
The adder is almost dead.
You feel sick. The adder bites you.
* * * LOW HITPOINT WARNING * * *
You are more poisoned.
The adder poisons you!
You closely miss the adder.
The adder is almost dead.
* * * LOW HITPOINT WARNING * * *
You feel sick. The adder closely misses you. The adder bites you.
* * * LOW HITPOINT WARNING * * *
It was a potion of attraction.
You feel attractive to monsters.
* * * LOW HITPOINT WARNING * * *
You feel sick. The adder bites you but does no damage.
It was a potion of might.
You feel very mighty all of a sudden.
You die...

###### #....# #########
#....# ##...#...##
#....###.........##
#..#.##...........#
#.###.............#
###.###...........##
##.#.###............
##.#@#.##............
##.#S#.#.####.##......
##.#g###.#.###.###.....
##.#.##
##.#.##.###.....
##.#.## ##.#.##........
##.#.## ##.#.##..#....
##.#.## #.
##.#.####.... #.#.##.#
.# ##.#.##.....
#.#.##.#.. ##.#.#...#.


You could see an adder and a goblin.

Vanquished Creatures
  2 dart slugs
  3 bats
  3 endoplasms
  3 giant cockroaches (D:2)
  3 goblins (D:1)
  2 hobgoblins (D:2)
  2 quokkas
  9 ball pythons (D:1)
  2 frilled lizards
  3 kobolds
  A rat (D:1)
33 creatures vanquished.

Notes
Turn   | Place    | Note
-------+----------+-------------------------------------------
     0 | D:1      | SnakkuSnakku7 the Vampire Hedge Wizard began the quest for
                  | the Orb.
     0 | D:1      | Reached XP level 1. HP: 13/13 MP: 4/4
   161 | D:1      | Reached skill level 1 in Fighting
   226 | D:1      | Reached XP level 2. HP: 21/21 MP: 6/6
   473 | D:1      | Found a faded altar of an unknown god.
   844 | D:2      | Gained mutation: You are afflicted with vampirism and can
                  | become a bat while bloodless. [Vampire growth]
   844 | D:2      | Reached XP level 3. HP: 27/28 MP: 7/7
  1122 | D:2      | HP: 1/28 [poisoned by an adder]
  1123 | D:2      | Succumbed to an adder's poison

Illustrated notes

Levels and vault maps discovered:
D:1:      saegor_arrival_simple_b, layout_loops_ring, basic_ecumenical_altar
D:2:      minmay_inner_zag, layout_rooms, kennysheep_generic_room_4

Skill      XL: |  1  2 |
---------------+-------+-----
Fighting       | 1 2 |  2.8
Dodging        | |  2.1
Stealth        | |  3.0
Spellcasting   | |  3.0
Conjurations   | |  0.6
Summonings     | |  1.0
Translocations | |  0.7

Action                   || total
-------------------------++-------
Melee: Dagger            ||    29
       Short sword       ||   141
       Bite              ||    15
  Use: Potion            ||     2
 Stab: Sleeping          ||     1
Armor: Ring mail         ||    72
       Robe              ||     4
Dodge: Dodged            ||   101
